SL
GRAFTON MIDDIES @ TOLEDO TITANS
08/28/2025
 
TOP OF THE 1ST
Grafton Middies batting - Pitching for Toledo Titans : RHP Eddie Kop
Pitching: RHP Eddie Kop
Batting: RHB Pedro Santos 0-0: Called Strike
0-1: Foul Ball, location: 2F
0-2: Ball
1-2: Ball
2-2: Fly out, F9 (Flyball, 89S)
Batting: RHB Carlos Maldonado 0-0: Ball
1-0: Foul Ball, location: 2F
1-1: SINGLE (Flyball, 7S)
Batting: LHB Mario Ramos 0-0: Ball
1-0: Called Strike
1-1: Ball
2-1: Ball
3-1: Fly out, F4 (Popup, 4)
Batting: RHB Stefano Gaddi 0-0: Ball
1-0: Foul Ball, location: 2F
1-1: Fly out, F3 (Popup, 34S)
Top of the 1st over - 0 run(s), 1 hit(s), 0 error(s), 1 left on base; Grafton 0 - Toledo 0
BOTTOM OF THE 1ST
Toledo Titans batting - Pitching for Grafton Middies : LHP Allen Yohemas
Pitching: LHP Allen Yohemas
Batting: RHB Pil-joong Pak 0-0: Called Strike
0-1: Ground out 6-3 (Groundball, 56)
Batting: RHB Gerald Clark 0-0: Called Strike
0-1: Ball
1-1: Foul Ball, location: 2F
1-2: Ball
2-2: Ball
3-2: Base on Balls
Batting: LHB Yannick Hendriksen 0-0: Foul Ball, location: 2F
0-1: Called Strike
0-2: Ball
1-2: Strikes out swinging
Batting: RHB Enrique Pérez 0-0: Called Strike
0-1: Ball
1-1: Ball
2-1: Foul Ball, location: 2F
2-2: Strikes out looking
Bottom of the 1st over - 0 run(s), 0 hit(s), 0 error(s), 1 left on base; Grafton 0 - Toledo 0
TOP OF THE 2ND
Grafton Middies batting - Pitching for Toledo Titans : RHP Eddie Kop
Batting: RHB Ramón Gómez 0-0: Ball
1-0: Ball
2-0: Called Strike
2-1: Foul Ball, location: 2F
2-2: Fly out, F9 (Flyball, 9S)
Batting: LHB Ramón Rivera 0-0: Ball
1-0: Ball
2-0: Called Strike
2-1: Fly out, F7 (Flyball, 78S)
Batting: LHB Lawrence Washington 0-0: Foul Ball, location: 2F
0-1: Called Strike
0-2: Ball
1-2: Ball
2-2: DOUBLE (Line Drive, 7LM)
Batting: RHB Dave Ash 0-0: Fly out, F4 (Line Drive, 4M)
Top of the 2nd over - 0 run(s), 1 hit(s), 0 error(s), 1 left on base; Grafton 0 - Toledo 0
BOTTOM OF THE 2ND
Toledo Titans batting - Pitching for Grafton Middies : LHP Allen Yohemas
Batting: LHB Jorge Flores 0-0: Called Strike
0-1: Fly out, F7 (Flyball, 7LSF)
Batting: RHB Alfredo Martínez 0-0: Ball
1-0: Called Strike
1-1: Ball
2-1: Called Strike
2-2: Ball
3-2: Base on Balls
Batting: RHB Kade Knowles 0-0: Ball
Alfredo Martínez is caught stealing 2nd base
1-0: Called Strike
1-1: Ball
2-1: SINGLE (Line Drive, 9S)
Batting: LHB Chris West 0-0: Ball
1-0: Ball
2-0: Called Strike
Kade Knowles steals 2nd base
2-1: Foul Ball, location: 2F
2-2: Foul Ball, location: 2F
2-2: Strikes out swinging
Bottom of the 2nd over - 0 run(s), 1 hit(s), 0 error(s), 1 left on base; Grafton 0 - Toledo 0
TOP OF THE 3RD
Grafton Middies batting - Pitching for Toledo Titans : RHP Eddie Kop
Batting: RHB Dennis Clifton 0-0: Called Strike
0-1: Ball
1-1: Foul Ball, location: 2F
1-2: Ball
2-2: Foul Ball, location: 2F
2-2: Strikes out swinging
Batting: RHB Pedro Santos 0-0: Ball
1-0: Ball
2-0: Called Strike
2-1: Foul Ball, location: 2F
2-2: Foul Ball, location: 2F
2-2: Strikes out swinging
Batting: RHB Carlos Maldonado 0-0: Called Strike
0-1: Ball
1-1: Fly out, F4 (Line Drive, 4M)
Top of the 3rd over - 0 run(s), 0 hit(s), 0 error(s), 0 left on base; Grafton 0 - Toledo 0
BOTTOM OF THE 3RD
Toledo Titans batting - Pitching for Grafton Middies : LHP Allen Yohemas
Batting: RHB Mike Burns 0-0: Ball
1-0: Ball
2-0: Ground out 5-3 (Groundball, 5L)
Batting: RHB Pil-joong Pak 0-0: Ball
1-0: Ball
2-0: Ball
3-0: Called Strike
3-1: Swinging Strike
3-2: Base on Balls
Batting: RHB Gerald Clark 0-0: Ball
1-0: Ball
2-0: Ball
3-0: Called Strike
3-1: Base on Balls
Pil-joong Pak to second
Batting: LHB Yannick Hendriksen 0-0: Called Strike
0-1: Ball
1-1: Ball
2-1: Fly out, F4 (Popup, 34D)
Batting: RHB Enrique Pérez 0-0: Ball
1-0: Ball
2-0: Fly out, F8 (Flyball, 89M)
Bottom of the 3rd over - 0 run(s), 0 hit(s), 0 error(s), 2 left on base; Grafton 0 - Toledo 0
TOP OF THE 4TH
Grafton Middies batting - Pitching for Toledo Titans : RHP Eddie Kop
Batting: LHB Mario Ramos 0-0: Called Strike
0-1: Ball
1-1: Ball
2-1: Ball
3-1: Foul Ball, location: 2F
3-2: Fly out, F7 (Flyball, 7S)
Batting: RHB Stefano Gaddi 0-0: Called Strike
0-1: Foul Ball, location: 2F
0-2: Ball
1-2: Ball
2-2: Foul Ball, location: 2F
2-2: Strikes out looking
Batting: RHB Ramón Gómez 0-0: Ball
1-0: Ball
2-0: Ball
3-0: Called Strike
3-1: Foul Ball, location: 2F
3-2: Base on Balls
Batting: LHB Ramón Rivera 0-0: Called Strike
0-1: Swinging Strike
0-2: Ball
1-2: Strikes out swinging
Top of the 4th over - 0 run(s), 0 hit(s), 0 error(s), 1 left on base; Grafton 0 - Toledo 0
BOTTOM OF THE 4TH
Toledo Titans batting - Pitching for Grafton Middies : LHP Allen Yohemas
Batting: LHB Jorge Flores 0-0: Called Strike
0-1: Foul Ball, location: 2F
0-2: Ground out 4-3 (Groundball, 4)
Batting: RHB Alfredo Martínez 0-0: Ground out 5-3 (Groundball, 56)
Batting: RHB Kade Knowles 0-0: Ball
1-0: Ground out 4-3 (Groundball, 4)
Bottom of the 4th over - 0 run(s), 0 hit(s), 0 error(s), 0 left on base; Grafton 0 - Toledo 0
TOP OF THE 5TH
Grafton Middies batting - Pitching for Toledo Titans : RHP Eddie Kop
Batting: LHB Lawrence Washington 0-0: Ball
1-0: Ball
2-0: Swinging Strike
2-1: Swinging Strike
2-2: Ball
3-2: Fly out, F8 (Flyball, 8LS)
Batting: RHB Dave Ash 0-0: Called Strike
0-1: Foul Ball, location: 2F
0-2: Foul Ball, location: 2F
0-2: Ball
1-2: Foul Ball, location: 2F
1-2: SINGLE (Line Drive, 89S)
Batting: RHB Dennis Clifton 0-0: Ball
1-0: Ball
2-0: Called Strike
2-1: Ball
3-1: SINGLE (Groundball, 6D)
Dave Ash to second
Batting: RHB Pedro Santos 0-0: Called Strike
0-1: Ball
1-1: Ball
2-1: Foul Ball, location: 2F
2-2: Ball
3-2: Fielders Choice at 2nd, 3-6 (Groundball, 3)
Dave Ash to third
Batting: RHB Carlos Maldonado Balk!
Dave Ash scores
Pedro Santos to second
0-0: Ball
1-0: Fly out, F7 (Flyball, 78M)
Top of the 5th over - 1 run(s), 2 hit(s), 0 error(s), 1 left on base; Grafton 1 - Toledo 0
BOTTOM OF THE 5TH
Toledo Titans batting - Pitching for Grafton Middies : LHP Allen Yohemas
Batting: LHB Chris West 0-0: Ball
1-0: Called Strike
1-1: Fly out, F8 (Flyball, 89M)
Batting: RHB Mike Burns 0-0: Called Strike
0-1: Ball
1-1: Foul Ball, location: 2F
1-2: Fly out, F8 (Flyball, 8LD)
Batting: RHB Pil-joong Pak 0-0: Reached on error, E5 (Groundball, 56)
Batting: RHB Gerald Clark 0-0: Ball
1-0: Called Strike
1-1: Called Strike
1-2: Fly out, F3 (Line Drive, 3)
Bottom of the 5th over - 0 run(s), 0 hit(s), 1 error(s), 1 left on base; Grafton 1 - Toledo 0
TOP OF THE 6TH
Grafton Middies batting - Pitching for Toledo Titans : RHP Eddie Kop
Batting: LHB Mario Ramos 0-0: Ball
1-0: Ball
2-0: Swinging Strike
2-1: Swinging Strike
2-2: Strikes out swinging
Batting: RHB Stefano Gaddi 0-0: Ball
1-0: Fly out, F7 (Flyball, 7LMF)
Batting: RHB Ramón Gómez 0-0: Called Strike
0-1: Ball
1-1: Swinging Strike
1-2: Ball
2-2: Ball
3-2: Foul Ball, location: 2F
3-2: Strikes out swinging
Top of the 6th over - 0 run(s), 0 hit(s), 0 error(s), 0 left on base; Grafton 1 - Toledo 0
BOTTOM OF THE 6TH
Toledo Titans batting - Pitching for Grafton Middies : LHP Allen Yohemas
Batting: LHB Yannick Hendriksen 0-0: Ball
1-0: Called Strike
1-1: Called Strike
1-2: Strikes out swinging
Batting: RHB Enrique Pérez 0-0: Swinging Strike
0-1: Foul Ball, location: 2F
0-2: Ball
1-2: Strikes out swinging
Batting: LHB Jorge Flores 0-0: SOLO HOME RUN (Flyball, 9LD), Distance : 348 ft
Batting: RHB Alfredo Martínez 0-0: SINGLE (Line Drive, 56)
Batting: RHB Kade Knowles 0-0: Ball
1-0: Ground out 4-3 (Groundball, 34)
Bottom of the 6th over - 1 run(s), 2 hit(s), 0 error(s), 1 left on base; Grafton 1 - Toledo 1
TOP OF THE 7TH
Grafton Middies batting - Pitching for Toledo Titans : RHP Eddie Kop
Batting: LHB Ramón Rivera 0-0: Ball
1-0: Called Strike
1-1: Called Strike
1-2: Foul Ball, location: 2F
1-2: Fly out, F4 (Line Drive, 4M)
Batting: LHB Lawrence Washington 0-0: Ball
1-0: Foul Ball, location: 2F
1-1: Ball
2-1: Called Strike
2-2: Foul Ball, location: 2F
2-2: Fly out, F3 (Line Drive, 34S)
Batting: RHB Dave Ash 0-0: Ball
1-0: Called Strike
1-1: Ball
2-1: Foul Ball, location: 2F
2-2: Ground out 6-3 (Groundball, 6MS)
Top of the 7th over - 0 run(s), 0 hit(s), 0 error(s), 0 left on base; Grafton 1 - Toledo 1
BOTTOM OF THE 7TH
Toledo Titans batting - Pitching for Grafton Middies : LHP Allen Yohemas
Pinch Hitting: RHB Paul Houston 0-0: Foul Ball, location: 2F
0-1: Foul Ball, location: 2F
0-2: Foul Ball, location: 2F
0-2: SINGLE (Groundball, 56D)
Batting: RHB Mike Burns 0-0: Swinging Strike
0-1: Bunted foul
0-2: Ball
1-2: Fly out, F8 (Flyball, 8LD)
Batting: RHB Pil-joong Pak 0-0: Foul Ball, location: 2F
0-1: Swinging Strike
0-2: Grounds into double play, 6-4-3 (Groundball, 6)
Bottom of the 7th over - 0 run(s), 1 hit(s), 0 error(s), 0 left on base; Grafton 1 - Toledo 1
TOP OF THE 8TH
Grafton Middies batting - Pitching for Toledo Titans : RHP Eddie Kop
Pitching: RHP Ricardo Gómez
Now in CF: Francis Kelly
Batting: RHB Dennis Clifton 0-0: Ball
1-0: Foul Ball, location: 2F
1-1: Called Strike
1-2: Fly out, F9 (Flyball, 9S)
Batting: RHB Pedro Santos 0-0: Called Strike
0-1: Ball
1-1: SINGLE (Line Drive, 8LS)
Batting: RHB Carlos Maldonado 0-0: Foul Ball, location: 2F
0-1: Grounds into double play, 6-4-3 (Groundball, 6)
Top of the 8th over - 0 run(s), 1 hit(s), 0 error(s), 0 left on base; Grafton 1 - Toledo 1
BOTTOM OF THE 8TH
Toledo Titans batting - Pitching for Grafton Middies : LHP Allen Yohemas
Batting: RHB Gerald Clark 0-0: Ball
1-0: Ball
2-0: Fly out, F9 (Flyball, 9LSF)
Batting: LHB Yannick Hendriksen 0-0: Called Strike
0-1: Foul Ball, location: 2F
0-2: Ball
1-2: Foul Ball, location: 2F
1-2: Ball
2-2: Fly out, F7 (Line Drive, 78D)
Batting: RHB Enrique Pérez 0-0: Ball
1-0: Swinging Strike
1-1: Foul Ball, location: 2F
1-2: Ball
2-2: Foul Ball, location: 2F
2-2: Ball
3-2: Base on Balls
Pitching: RHP Domingo Álvarez
Batting: LHB Jorge Flores 0-0: Ball
1-0: Ball
2-0: Foul Ball, location: 2F
2-1: Called Strike
2-2: Ball
3-2: 2-RUN HOME RUN (Flyball, 8LXD), Distance : 449 ft
Batting: RHB Alfredo Martínez 0-0: Swinging Strike
0-1: Ball
1-1: Foul Ball, location: 2F
1-2: Ball
2-2: Ball
3-2: DOUBLE (Flyball, 9LM)
Batting: RHB Kade Knowles 0-0: Called Strike
0-1: Foul Ball, location: 2F
0-2: Foul Ball, location: 2F
0-2: Ball
1-2: Ball
2-2: Foul Ball, location: 2F
2-2: Ball
3-2: Fly out, F9 (Flyball, 9S)
Bottom of the 8th over - 2 run(s), 2 hit(s), 0 error(s), 1 left on base; Grafton 1 - Toledo 3
TOP OF THE 9TH
Grafton Middies batting - Pitching for Toledo Titans : RHP Ricardo Gómez
Pitching: LHP Brandeis Vogt
Batting: LHB Mario Ramos 0-0: Ball
1-0: Foul Ball, location: 2F
1-1: Called Strike
1-2: Strikes out swinging
Batting: RHB Stefano Gaddi 0-0: DOUBLE (Line Drive, 7LS)
Batting: RHB Ramón Gómez 0-0: Ball
1-0: Called Strike
1-1: Ball
2-1: Foul Ball, location: 2F
2-2: Ground out 5-3 (Groundball, 56)
Pinch Hitting: SHB Jack MacAsgill 0-0: Ball
1-0: Called Strike
1-1: Fly out, F3 (Popup, 3S)
Top of the 9th over - 0 run(s), 1 hit(s), 0 error(s), 1 left on base; Grafton 1 - Toledo 3
Friday, December 30th, 2016 - OOTP Baseball 17.12 Build 75